Mustangs vs Carnivores
Created - March 11, 2019 at 19:07
Goals
|
| Mustangs |
0 |
0 |
1 |
1 |
| Carnivores |
0 |
3 |
0 |
3 |
|
Shots
|
| Mustangs |
9 |
8 |
7 |
24 |
| Carnivores |
11 |
23 |
7 |
41 |
|
1st period
No Goal
Penalties :
No Penalty
2nd period
1. Carnivores , Nikita Alexeev 24 (Markus Granlund 26) at 3:21 (PP)
2. Carnivores , Markus Granlund 14 (Chris Lawrence 34) at 6:23
3. Carnivores , Markus Granlund 15 (Jeremy Welsh 30, Chris Lawrence 35) at 7:03
Penalties :
Scott Mayfield (Ham) for Tripping (Minor) at 2:50, Anton Gustafsson (Bre) for Hooking (Minor) at 18:56
3rd period
4. Mustangs , Josh Jooris 13 (Derek Joslin 30) at 9:39 (SH)
Penalties :
Ben Harpur (Ham) for Interference (Minor) at 9:28, Sasha Pokulok (Bre) for High sticking (Minor) at 14:51
Goalie Stats
Chet Pickard (Ham), 38 saves from 41 shots - (0.927), L, 25-12-5, 60:00 minutes
Anders Lindback (Bre), 23 saves from 24 shots - (0.958), W, 22-17-2, 60:00 minutes
Players Stats for Mustangs
Player Name G A P +/- PIM S H SB GA TA FO MP PP MP PK MP
------------------------------------------------------------------------------------
Alexei Marchenko 0 0 0 0 0 0 0 1 0 0 0/0 3:31 0:00 0:00
Andrew Shaw 0 0 0 -1 0 3 3 1 2 0 0/0 19:57 2:14 0:30
Ben Harpur 0 0 0 -1 2 3 1 0 0 1 0/0 21:19 0:34 0:31
Brady Skjei 0 0 0 -1 0 0 1 0 3 0 0/0 29:24 2:43 1:47
Curtis Hamilton 0 0 0 0 0 0 0 0 0 0 0/0 9:32 0:00 0:00
Dakota Mermis 0 0 0 0 0 0 0 4 0 0 0/0 14:11 0:27 0:00
Derek Joslin 0 1 1 1 0 1 2 2 0 0 0/0 28:39 2:52 1:41
Jerome Samson 0 0 0 0 0 1 0 0 0 0 0/0 13:10 0:00 0:00
Jim O'Brien 0 0 0 0 0 2 2 0 0 1 0/3 14:01 0:00 0:30
Josh Jooris 1 0 1 0 0 4 3 0 1 0 0/0 18:06 1:44 1:50
Joshua Leivo 0 0 0 -1 0 1 0 0 0 0 0/0 16:07 1:44 0:10
Kurtis Gabriel 0 0 0 0 0 1 2 0 0 0 0/0 9:12 0:00 0:00
Melker Karlsson 0 0 0 0 0 2 2 0 1 1 16/31 21:20 2:14 1:50
Michael McCarron 0 0 0 0 0 1 2 0 0 0 2/2 9:20 0:00 0:00
Scott Mayfield 0 0 0 -1 2 2 4 0 0 1 0/0 20:30 1:20 1:01
Stefan Matteau 0 0 0 -1 0 2 3 0 0 0 8/12 17:14 1:44 0:10
Teuvo Teravainen 0 0 0 -1 0 1 0 0 1 0 1/2 19:05 2:14 0:00
Valentin Zykov 0 0 0 0 0 0 0 0 0 0 0/0 12:50 0:00 0:00
Players Stats for Carnivores
Player Name G A P +/- PIM S H SB GA TA FO MP PP MP PK MP
------------------------------------------------------------------------------------
Adam Almquist 0 0 0 1 0 0 0 0 0 1 0/0 8:18 0:00 0:00
Anton Gustafsson 0 0 0 -1 2 6 2 0 1 0 11/20 18:34 1:37 0:57
Blake Geoffrion 0 0 0 -1 0 4 1 1 1 1 0/1 17:25 1:37 0:00
Chris Lawrence 0 2 2 2 0 3 5 1 1 1 0/0 17:53 0:00 2:20
Curtis Lazar 0 0 0 0 0 0 0 0 0 0 0/0 0:41 0:00 0:00
David Fischer 0 0 0 1 0 1 0 2 0 1 0/0 23:51 1:40 2:36
David Schlemko 0 0 0 0 0 0 1 0 0 0 0/0 13:21 0:00 2:36
Elias Lindholm 0 0 0 0 0 1 1 0 0 0 3/9 11:21 0:00 0:00
Hunter Shinkaruk 0 0 0 0 0 0 0 0 0 0 0/0 10:16 0:00 0:00
Jeremy Welsh 0 1 1 2 0 6 1 3 0 0 0/0 16:17 0:53 0:00
Jeremy Williams 0 0 0 0 0 2 3 0 0 0 0/0 11:25 0:00 0:00
Mark McNeill 0 0 0 -1 0 4 1 0 0 1 1/3 19:10 1:37 1:47
Markus Granlund 2 1 3 2 0 5 2 1 0 0 7/14 18:09 0:53 1:14
Mat Clark 0 0 0 -1 0 0 1 3 0 0 0/0 17:09 0:50 1:22
Mattias Backman 0 0 0 1 0 1 0 0 0 0 0/0 8:18 0:00 0:00
Nicolas Kerdiles 0 0 0 0 0 4 0 0 0 0 0/0 13:36 0:00 1:18
Nikita Alexeev 1 0 1 0 0 1 1 0 0 0 0/0 10:52 0:53 0:00
Ryan Pulock 0 0 0 1 0 0 3 2 0 0 0/0 21:12 1:40 0:00
Sasha Pokulok 0 0 0 0 2 1 0 0 0 0 0/0 14:32 0:00 0:31
T.J Brodie 0 0 0 -1 0 0 0 0 0 1 0/0 13:21 0:50 0:51
Zack Smith 0 0 0 0 0 2 1 2 1 2 1/3 10:19 0:00 0:20
3 Stars
1 - Markus Granlund (Bre)
2 - Chris Lawrence (Bre)
3 - Anders Lindback (Bre)
Power Play
Mustangs - 0 on 2 Attempt(s) - 0.00%
Carnivores - 1 on 2 Attempt(s) - 50.00%
Penalty Kill
Mustangs - 1 on 2 Attempt(s) - 50.00%
- Score 1 goal in Penalty Kill
Carnivores - 2 on 2 Attempt(s) - 100.00%
- Score 0 goal in Penalty Kill
Team Stat
Mustangs - Hits : 25 - Faceoff Wins : 27 - Blocked Shots : 8 - Penalty Minutes : 4
Carnivores - Hits : 23 - Faceoff Wins : 23 - Blocked Shots : 15 - Penalty Minutes : 4
Official
Referees : Unknown
Linesman : Unknown
Game Notes
Alexei Marchenko is injured at 11:23 of 1st period (Bruised Left Arm)
Finance
Level 1 -- Attendance: 1490 (74.50%) -- Ticket Income $59,600
Level 2 -- Attendance: 717 (71.70%) -- Ticket Income $14,340
Total Attendance: 2207 (73.57%)
Total Ticket Income: $73,940
Other Income: $3,697
Total Income: $77,637
Mustangs
5 vs 5 Forward
Center Left Wing Right Wing Time % Phy DF OF
1 Melker Karlsson Teuvo Teravainen Andrew Shaw 40 1 2 2
2 Stefan Matteau Joshua Leivo Josh Jooris 30 1 2 2
3 Jim O'Brien Valentin Zykov Jerome Samson 20 1 2 2
4 Michael McCarron Curtis Hamilton Kurtis Gabriel 10 1 2 2
5 vs 5 Defense
Defense Defense Time % Phy DF OF
1 Brady Skjei Derek Joslin 44 1 2 2
2 Alexei Marchenko Scott Mayfield 33 1 2 2
3 Ben Harpur Dakota Mermis 23 1 2 2
4 Brady Skjei Alexei Marchenko 0 1 2 2
PowerPlay Forward
Center Left Wing Right Wing Time % Phy DF OF
1 Melker Karlsson Teuvo Teravainen Andrew Shaw 60 1 2 2
2 Stefan Matteau Joshua Leivo Josh Jooris 40 1 2 2
PowerPlay Defense
Defense Defense Time % Phy DF OF
1 Brady Skjei Derek Joslin 60 1 2 2
2 Alexei Marchenko Scott Mayfield 40 1 2 2
Penalty Kill 4 Players Forward
Center Wing Time % Phy DF OF
1 Melker Karlsson Josh Jooris 60 1 2 2
2 Jim O'Brien Andrew Shaw 40 1 2 2
Penalty Kill 4 Players Defense
Defense Defense Time % Phy DF OF
1 Brady Skjei Derek Joslin 60 1 2 2
2 Alexei Marchenko Scott Mayfield 40 1 2 2
Penalty Kill - 3 Players Forward
Forward Time % Phy DF OF
1 Melker Karlsson 60 1 2 2
2 Jim O'Brien 40 1 2 2
Penalty Kill - 3 Players Defense
Defense Defense Time % Phy DF OF
1 Brady Skjei Derek Joslin 60 1 2 2
2 Alexei Marchenko Scott Mayfield 40 1 2 2
4 vs 4 Forward
Center Wing Time % Phy DF OF
1 Melker Karlsson Teuvo Teravainen 60 1 2 2
2 Stefan Matteau Josh Jooris 40 1 2 2
4 vs 4 Defense
Defense Defense Time % Phy DF OF
1 Brady Skjei Derek Joslin 60 1 2 2
2 Alexei Marchenko Scott Mayfield 40 1 2 2
Last Minutes Offensive
Center Left Wing Right Wing Defense Defense
Melker Karlsson Teuvo Teravainen Andrew Shaw Brady Skjei Derek Joslin
Last Minutes Defensive
Center Left Wing Right Wing Defense Defense
Melker Karlsson Teuvo Teravainen Andrew Shaw Brady Skjei Derek Joslin
Goaltenders
Starting : Chet Pickard
Backup : Joacim Eriksson
Extra Forwards
Normal : Melker Karlsson, Stefan Matteau, Jim O'Brien - PP : Teuvo Teravainen, Josh Jooris - PK : Melker Karlsson
Extra Defensemen
Normal : Brady Skjei, Alexei Marchenko, Ben Harpur - PP : Brady Skjei - PK : Derek Joslin, Alexei Marchenko
Penalty Shots
Melker Karlsson, Teuvo Teravainen, Josh Jooris, Joshua Leivo, Stefan Matteau
Scratches
Ryan Graves (Healthy), Eric Knodel (Healthy), Matthew Finn (Healthy), Mark Pysyk (Broken Left Thumb Injury), Danny Biega (Healthy)
Raphael Bussieres (Healthy), Sam Kurker (Healthy), Max Gortz (Healthy), Riley Nash (Healthy), Francis Paré (Healthy)
Anthony Stolarz (Healthy)
Carnivores
5 vs 5 Forward
Center Left Wing Right Wing Time % Phy DF OF
1 Anton Gustafsson Blake Geoffrion Mark McNeill 35 1 2 2
2 Markus Granlund Jeremy Welsh Chris Lawrence 35 1 2 2
3 Elias Lindholm Nicolas Kerdiles Jeremy Williams 20 1 2 2
4 Zack Smith Hunter Shinkaruk Nikita Alexeev 10 1 2 2
5 vs 5 Defense
Defense Defense Time % Phy DF OF
1 David Fischer Ryan Pulock 40 1 2 2
2 Sasha Pokulok Mat Clark 30 1 2 2
3 T.J Brodie David Schlemko 20 1 2 2
4 Adam Almquist Mattias Backman 10 1 2 2
PowerPlay Forward
Center Left Wing Right Wing Time % Phy DF OF
1 Anton Gustafsson Blake Geoffrion Mark McNeill 60 1 2 2
2 Markus Granlund Jeremy Welsh Nikita Alexeev 40 1 2 2
PowerPlay Defense
Defense Defense Time % Phy DF OF
1 David Fischer Ryan Pulock 60 1 2 2
2 T.J Brodie Mat Clark 40 1 2 2
Penalty Kill 4 Players Forward
Center Wing Time % Phy DF OF
1 Anton Gustafsson Chris Lawrence 60 1 2 2
2 Zack Smith Mark McNeill 40 1 2 2
Penalty Kill 4 Players Defense
Defense Defense Time % Phy DF OF
1 David Fischer David Schlemko 60 1 2 2
2 Sasha Pokulok Mat Clark 40 1 2 2
Penalty Kill - 3 Players Forward
Forward Time % Phy DF OF
1 Anton Gustafsson 60 1 2 2
2 Chris Lawrence 40 1 2 2
Penalty Kill - 3 Players Defense
Defense Defense Time % Phy DF OF
1 David Fischer David Schlemko 60 1 2 2
2 Sasha Pokulok Mat Clark 40 1 2 2
4 vs 4 Forward
Center Wing Time % Phy DF OF
1 Anton Gustafsson Nicolas Kerdiles 60 1 2 2
2 Markus Granlund Nikita Alexeev 40 1 2 2
4 vs 4 Defense
Defense Defense Time % Phy DF OF
1 David Fischer Ryan Pulock 60 1 2 2
2 Sasha Pokulok Mat Clark 40 1 2 2
Last Minutes Offensive
Center Left Wing Right Wing Defense Defense
Anton Gustafsson Jeremy Welsh Nikita Alexeev Ryan Pulock David Fischer
Last Minutes Defensive
Center Left Wing Right Wing Defense Defense
Anton Gustafsson Nicolas Kerdiles Chris Lawrence David Schlemko David Fischer
Goaltenders
Starting : Anders Lindback
Backup : Niklas Svedberg
Extra Forwards
Normal : Curtis Lazar, Mark McNeill, Nicolas Kerdiles - PP : Curtis Lazar, Nicolas Kerdiles - PK : Mark McNeill
Extra Defensemen
Normal : Ryan Pulock, Mat Clark, Mattias Backman - PP : David Fischer - PK : David Schlemko, T.J Brodie
Penalty Shots
Anton Gustafsson, Elias Lindholm, Curtis Lazar, Hunter Shinkaruk, Zack Smith
Scratches
Stanislav Galiev (Healthy), Tyler Graovac (Healthy), Troy Bourke (Healthy), Alexandre Mallet (Healthy), Michael Schumacher (Healthy)
Tristan Jarry (Healthy)
% Time on Ice - Mustangs
Lines # - Real PCT - Wanted PCT - Time Play
Normal Forward
1 - 32% - 40% - 17:22
2 - 26% - 30% - 14:08
3 - 24% - 20% - 12:50
4 - 17% - 10% - 9:12
Normal Defense
1 - 29% - 44% - 15:39
2 - 37% - 33% - 19:56
3 - 24% - 23% - 12:36
4 - 10% - 0% - 5:21
PP Forward
1 - 56% - 60% - 2:14
2 - 44% - 40% - 1:44
PP Defense
1 - 55% - 60% - 2:11
2 - 45% - 40% - 1:47
PK Forward
1 - 80% - 60% - 2:00
2 - 20% - 40% - 0:30
PK Defense
1 - 39% - 60% - 0:58
2 - 61% - 40% - 1:32
PK3 Forward
1 - 0% - 60%
2 - 0% - 40%
PK3 Defense
1 - 0% - 60%
2 - 0% - 40%
44 Forward
1 - 0% - 60%
2 - 0% - 40%
44 Defense
1 - 0% - 60%
2 - 0% - 40%
Last Minute Offensive - 0:00
Last Minute Defensive - 0:00
Total
Forward - 60:00
Defense - 60:00
|
% Time on Ice - Carnivores
Lines # - Real PCT - Wanted PCT - Time Play
Normal Forward
1 - 31% - 35% - 16:48
2 - 29% - 35% - 15:24
3 - 21% - 20% - 11:21
4 - 19% - 10% - 9:59
Normal Defense
1 - 37% - 40% - 19:35
2 - 28% - 30% - 14:57
3 - 20% - 20% - 10:42
4 - 16% - 10% - 8:18
PP Forward
1 - 65% - 60% - 1:37
2 - 35% - 40% - 0:53
PP Defense
1 - 67% - 60% - 1:40
2 - 33% - 40% - 0:50
PK Forward
1 - 92% - 60% - 3:38
2 - 8% - 40% - 0:20
PK Defense
1 - 66% - 60% - 2:36
2 - 34% - 40% - 1:22
PK3 Forward
1 - 0% - 60%
2 - 0% - 40%
PK3 Defense
1 - 0% - 60%
2 - 0% - 40%
44 Forward
1 - 0% - 60%
2 - 0% - 40%
44 Defense
1 - 0% - 60%
2 - 0% - 40%
Last Minute Offensive - 0:00
Last Minute Defensive - 0:00
Total
Forward - 60:00
Defense - 60:00
|
Play-by-Play
1st period
0:01 of 1st period - Anton Gustafsson wins face-off versus Teuvo Teravainen in neutral zone.
1:11 of 1st period - Mat Clark is hit by Michael McCarron and loses puck.
1:20 of 1st period - Snap shot by Curtis Hamilton.
1:20 of 1st period - Shot Blocked by Zack Smith.
1:22 of 1st period - Snap shot by Scott Mayfield.
1:22 of 1st period - Stopped by Anders Lindback with a rebound.
1:44 of 1st period - Snap shot by Teuvo Teravainen.
1:44 of 1st period - Stopped by Anders Lindback without a rebound.
1:45 of 1st period - Stefan Matteau wins face-off versus Markus Granlund in Carnivores zone.
1:50 of 1st period - Wrist shot by Stefan Matteau.
1:50 of 1st period - Shot Misses the Net.
1:58 of 1st period - Snap shot by Jeremy Welsh.
1:58 of 1st period - Stopped by Chet Pickard without a rebound.
1:59 of 1st period - Elias Lindholm wins face-off versus Melker Karlsson in Mustangs zone.
2:00 of 1st period - Slapshot by Jeremy Williams.
2:00 of 1st period - Shot Misses the Net.
2:02 of 1st period - Snap shot by Elias Lindholm.
2:02 of 1st period - Shot Blocked by Derek Joslin.
2:04 of 1st period - Slapshot by Adam Almquist.
2:04 of 1st period - Shot Misses the Net.
2:06 of 1st period - Slapshot by Mattias Backman.
2:06 of 1st period - Deflect By Nicolas Kerdiles.
2:06 of 1st period - Stopped by Chet Pickard with a rebound.
2:15 of 1st period - Icing by Nicolas Kerdiles.
2:16 of 1st period - Elias Lindholm wins face-off versus Jim O'Brien in Carnivores zone.
2:34 of 1st period - Snap shot by Jeremy Williams.
2:34 of 1st period - Stopped by Chet Pickard with a rebound.
2:36 of 1st period - Slapshot by Mattias Backman.
2:36 of 1st period - Stopped by Chet Pickard without a rebound.
2:37 of 1st period - Melker Karlsson wins face-off versus Markus Granlund in Mustangs zone.
3:51 of 1st period - Slapshot by Chris Lawrence.
3:51 of 1st period - Shot Blocked by Dakota Mermis.
4:27 of 1st period - Snap shot by Andrew Shaw.
4:27 of 1st period - Stopped by Anders Lindback with a rebound.
4:37 of 1st period - Snap shot by Jeremy Williams.
4:37 of 1st period - Shot Blocked by Andrew Shaw.
4:47 of 1st period - T.J Brodie is hit by Ben Harpur and loses puck.
5:19 of 1st period - Snap shot by Blake Geoffrion.
5:19 of 1st period - Shot Blocked by Alexei Marchenko.
6:18 of 1st period - Chris Lawrence is hit by Andrew Shaw and loses puck.
7:42 of 1st period - Snap shot by Melker Karlsson.
7:42 of 1st period - Stopped by Anders Lindback without a rebound.
7:43 of 1st period - Stefan Matteau wins face-off versus Elias Lindholm in Carnivores zone.
7:46 of 1st period - Snap shot by Stefan Matteau.
7:46 of 1st period - Stopped by Anders Lindback with a rebound.
8:09 of 1st period - David Fischer is hit by Scott Mayfield and loses puck.
8:30 of 1st period - Slapshot by Alexei Marchenko.
8:30 of 1st period - Shot Blocked by Jeremy Welsh.
8:42 of 1st period - Scott Mayfield is hit by Chris Lawrence and loses puck.
8:59 of 1st period - Slapshot by Stefan Matteau.
8:59 of 1st period - Stopped by Anders Lindback without a rebound.
9:00 of 1st period - Anton Gustafsson wins face-off versus Melker Karlsson in Carnivores zone.
9:11 of 1st period - Snap shot by Teuvo Teravainen.
9:11 of 1st period - Shot Misses the Net.
9:13 of 1st period - Snap shot by Melker Karlsson.
9:13 of 1st period - Shot Misses the Net.
9:15 of 1st period - Slapshot by Melker Karlsson.
9:15 of 1st period - Shot Misses the Net.
9:25 of 1st period - Josh Jooris is hit by Markus Granlund and loses puck.
9:32 of 1st period - Wrist shot by Joshua Leivo.
9:32 of 1st period - Stopped by Anders Lindback with a rebound.
10:26 of 1st period - Wrist shot by Teuvo Teravainen.
10:26 of 1st period - Deflect By Andrew Shaw.
10:26 of 1st period - Shot Misses the Net.
10:26 of 1st period - Puck is out of play.
10:27 of 1st period - Anton Gustafsson wins face-off versus Melker Karlsson in Carnivores zone.
10:42 of 1st period - Snap shot by Anton Gustafsson.
10:42 of 1st period - Deflect By Mark McNeill.
10:42 of 1st period - Stopped by Chet Pickard with a rebound.
11:02 of 1st period - Snap shot by Chris Lawrence.
11:02 of 1st period - Shot Blocked by Dakota Mermis.
11:22 of 1st period - Alexei Marchenko is hit by Jeremy Williams and loses puck.
11:23 of 1st period - Alexei Marchenko from Mustangs is injured at 11:23 of 1st period (Bruised Left Arm).
11:24 of 1st period - Anton Gustafsson wins face-off versus Melker Karlsson in Mustangs zone.
11:29 of 1st period - Snap shot by Blake Geoffrion.
11:29 of 1st period - Deflect By Anton Gustafsson.
11:29 of 1st period - Stopped by Chet Pickard with a rebound.
11:31 of 1st period - Slapshot by T.J Brodie.
11:31 of 1st period - Shot Misses the Net.
11:39 of 1st period - Snap shot by Blake Geoffrion.
11:39 of 1st period - Stopped by Chet Pickard without a rebound.
11:40 of 1st period - Stefan Matteau wins face-off versus Markus Granlund in Mustangs zone.
12:16 of 1st period - Melker Karlsson is hit by Mark McNeill and loses puck.
12:38 of 1st period - Snap shot by Jim O'Brien.
12:38 of 1st period - Stopped by Anders Lindback with a rebound.
12:47 of 1st period - Icing by Jerome Samson.
12:48 of 1st period - Michael McCarron wins face-off versus Zack Smith in Mustangs zone.
13:03 of 1st period - Slapshot by Kurtis Gabriel.
13:03 of 1st period - Shot Blocked by Zack Smith.
13:25 of 1st period - Jeremy Welsh is hit by Andrew Shaw and loses puck.
13:44 of 1st period - Snap shot by Teuvo Teravainen.
13:44 of 1st period - Deflect By Blake Geoffrion.
13:44 of 1st period - Shot Blocked by David Fischer.
13:44 of 1st period - Puck is out of play.
13:45 of 1st period - Stefan Matteau wins face-off versus Mark McNeill in Carnivores zone.
14:10 of 1st period - Markus Granlund is hit by Scott Mayfield.
14:14 of 1st period - Snap shot by Jim O'Brien.
14:14 of 1st period - Shot Hit the Post.
14:18 of 1st period - Slapshot by Jim O'Brien.
14:18 of 1st period - Shot Misses the Net.
15:01 of 1st period - Off-side.
15:02 of 1st period - Stefan Matteau wins face-off versus Anton Gustafsson in neutral zone.
15:48 of 1st period - Snap shot by Anton Gustafsson.
15:48 of 1st period - Stopped by Chet Pickard without a rebound.
15:49 of 1st period - Markus Granlund wins face-off versus Melker Karlsson in Mustangs zone.
16:00 of 1st period - Wrist shot by Andrew Shaw.
16:00 of 1st period - Stopped by Anders Lindback with a rebound.
16:02 of 1st period - Slapshot by Ben Harpur.
16:02 of 1st period - Shot Misses the Net.
16:04 of 1st period - Slapshot by Melker Karlsson.
16:04 of 1st period - Shot Misses the Net.
16:18 of 1st period - Off-side.
16:19 of 1st period - Melker Karlsson wins face-off versus Elias Lindholm in neutral zone.
16:22 of 1st period - Nicolas Kerdiles is hit by Andrew Shaw and loses puck.
16:37 of 1st period - Brady Skjei is hit by Jeremy Williams and loses puck.
16:58 of 1st period - Chris Lawrence is hit by Josh Jooris and loses puck.
17:12 of 1st period - Off-side.
17:13 of 1st period - Zack Smith wins face-off versus Jim O'Brien in neutral zone.
17:20 of 1st period - Wrist shot by Jim O'Brien.
17:20 of 1st period - Shot Misses the Net.
18:55 of 1st period - Snap shot by Zack Smith.
18:55 of 1st period - Shot Misses the Net.
18:57 of 1st period - Snap shot by Zack Smith.
18:57 of 1st period - Stopped by Chet Pickard with a rebound.
18:59 of 1st period - Wrist shot by Zack Smith.
18:59 of 1st period - Shot Misses the Net.
19:01 of 1st period - Snap shot by Zack Smith.
19:01 of 1st period - Stopped by Chet Pickard with a rebound.
19:03 of 1st period - Wrist shot by Nikita Alexeev.
19:03 of 1st period - Shot Misses the Net.
19:21 of 1st period - Brady Skjei is hit by Nikita Alexeev and loses puck.
19:42 of 1st period - Snap shot by Nikita Alexeev.
19:42 of 1st period - Shot Misses the Net.
19:46 of 1st period - Snap shot by Zack Smith.
19:46 of 1st period - Shot Misses the Net.
19:48 of 1st period - Slapshot by Mat Clark.
19:48 of 1st period - Shot Misses the Net.
19:57 of 1st period - Slapshot by Zack Smith.
19:57 of 1st period - Shot Misses the Net.
19:59 of 1st period - Backhand shot by Sasha Pokulok.
19:59 of 1st period - Stopped by Chet Pickard with a rebound.
Goals for this period are 0 for Mustangs vs 0 for Carnivores.
Shots for this period are 9 for Mustangs vs 11 for Carnivores.
2nd period
0:01 of 2nd period - Markus Granlund wins face-off versus Melker Karlsson in neutral zone.
0:47 of 2nd period - Snap shot by Nicolas Kerdiles.
0:47 of 2nd period - Shot Blocked by Dakota Mermis.
2:27 of 2nd period - Mat Clark is hit by Michael McCarron and loses puck.
2:48 of 2nd period - Slapshot by Chris Lawrence.
2:48 of 2nd period - Shot Misses the Net.
2:50 of 2nd period - Minor Penalty to Scott Mayfield for Tripping.
2:51 of 2nd period - Melker Karlsson wins face-off versus Anton Gustafsson in Mustangs zone.
3:06 of 2nd period - Wrist shot by Blake Geoffrion.
3:06 of 2nd period - Stopped by Chet Pickard with a rebound.
3:16 of 2nd period - Ben Harpur is hit by Ryan Pulock and loses puck.
3:21 of 2nd period - Wrist shot by Nikita Alexeev.
3:21 of 2nd period - Goal by Nikita Alexeev - Mustangs : 0 - Carnivores : 1.
3:22 of 2nd period - Anton Gustafsson wins face-off versus Melker Karlsson in neutral zone.
3:35 of 2nd period - Slapshot by Anton Gustafsson.
3:35 of 2nd period - Stopped by Chet Pickard with a rebound.
3:47 of 2nd period - Jeremy Welsh is hit by Stefan Matteau and loses puck.
3:56 of 2nd period - Snap shot by Markus Granlund.
3:56 of 2nd period - Stopped by Chet Pickard without a rebound.
3:57 of 2nd period - Stefan Matteau wins face-off versus Anton Gustafsson in Mustangs zone.
4:11 of 2nd period - Wrist shot by Blake Geoffrion.
4:11 of 2nd period - Stopped by Chet Pickard with a rebound.
4:13 of 2nd period - Wrist shot by Mark McNeill.
4:13 of 2nd period - Stopped by Chet Pickard with a rebound.
4:27 of 2nd period - Slapshot by Nicolas Kerdiles.
4:27 of 2nd period - Shot Misses the Net.
4:37 of 2nd period - Jeremy Williams is hit by Melker Karlsson and loses puck.
5:04 of 2nd period - Michael McCarron is hit by Chris Lawrence and loses puck.
5:17 of 2nd period - David Fischer is hit by Brady Skjei and loses puck.
5:24 of 2nd period - Derek Joslin is hit by Anton Gustafsson and loses puck.
6:03 of 2nd period - Snap shot by Nicolas Kerdiles.
6:03 of 2nd period - Stopped by Chet Pickard without a rebound.
6:04 of 2nd period - Markus Granlund wins face-off versus Melker Karlsson in Mustangs zone.
6:07 of 2nd period - Snap shot by Jeremy Welsh.
6:07 of 2nd period - Stopped by Chet Pickard without a rebound.
6:08 of 2nd period - Melker Karlsson wins face-off versus Markus Granlund in Mustangs zone.
6:13 of 2nd period - Snap shot by Andrew Shaw.
6:13 of 2nd period - Stopped by Anders Lindback without a rebound.
6:14 of 2nd period - Markus Granlund wins face-off versus Melker Karlsson in Carnivores zone.
6:23 of 2nd period - Wrist shot by Markus Granlund.
6:23 of 2nd period - Goal by Markus Granlund - Mustangs : 0 - Carnivores : 2.
6:24 of 2nd period - Teuvo Teravainen wins face-off versus Blake Geoffrion in neutral zone.
6:47 of 2nd period - Icing by David Fischer.
6:48 of 2nd period - Markus Granlund wins face-off versus Stefan Matteau in Carnivores zone.
6:55 of 2nd period - Wrist shot by Markus Granlund.
6:55 of 2nd period - Stopped by Chet Pickard with a rebound.
7:01 of 2nd period - Slapshot by Jeremy Welsh.
7:01 of 2nd period - Shot Misses the Net.
7:03 of 2nd period - Wrist shot by Markus Granlund.
7:03 of 2nd period - Goal by Markus Granlund - Mustangs : 0 - Carnivores : 3.
7:04 of 2nd period - Anton Gustafsson wins face-off versus Melker Karlsson in neutral zone.
7:36 of 2nd period - Snap shot by Stefan Matteau.
7:36 of 2nd period - Shot Blocked by Ryan Pulock.
7:38 of 2nd period - Snap shot by Scott Mayfield.
7:38 of 2nd period - Deflect By Joshua Leivo.
7:38 of 2nd period - Shot Blocked by David Fischer.
7:38 of 2nd period - Puck is out of play.
7:39 of 2nd period - Melker Karlsson wins face-off versus Markus Granlund in Carnivores zone.
7:42 of 2nd period - Slapshot by Melker Karlsson.
7:42 of 2nd period - Shot Misses the Net.
7:46 of 2nd period - Snap shot by Andrew Shaw.
7:46 of 2nd period - Deflect By Teuvo Teravainen.
7:46 of 2nd period - Shot Misses the Net.
7:46 of 2nd period - Puck is out of play.
7:47 of 2nd period - Melker Karlsson wins face-off versus Markus Granlund in Carnivores zone.
7:56 of 2nd period - Snap shot by Markus Granlund.
7:56 of 2nd period - Deflect By Jeremy Welsh.
7:56 of 2nd period - Stopped by Chet Pickard without a rebound.
7:57 of 2nd period - Melker Karlsson wins face-off versus Anton Gustafsson in Mustangs zone.
8:08 of 2nd period - Slapshot by Melker Karlsson.
8:08 of 2nd period - Shot Misses the Net.
8:22 of 2nd period - Derek Joslin is hit by Ryan Pulock and loses puck.
8:48 of 2nd period - Wrist shot by Kurtis Gabriel.
8:48 of 2nd period - Stopped by Anders Lindback with a rebound.
8:50 of 2nd period - Slapshot by Ben Harpur.
8:50 of 2nd period - Stopped by Anders Lindback with a rebound.
9:02 of 2nd period - Nicolas Kerdiles is hit by Scott Mayfield and loses puck.
9:09 of 2nd period - Snap shot by Jim O'Brien.
9:09 of 2nd period - Stopped by Anders Lindback with a rebound.
9:11 of 2nd period - Wrist shot by Jerome Samson.
9:11 of 2nd period - Shot Misses the Net.
9:57 of 2nd period - Brady Skjei is hit by Chris Lawrence and loses puck.
10:06 of 2nd period - Slapshot by Brady Skjei.
10:06 of 2nd period - Shot Blocked by Jeremy Welsh.
10:08 of 2nd period - Backhand shot by Scott Mayfield.
10:08 of 2nd period - Stopped by Anders Lindback without a rebound.
10:09 of 2nd period - Melker Karlsson wins face-off versus Anton Gustafsson in Carnivores zone.
10:24 of 2nd period - Mark McNeill is hit by Melker Karlsson and loses puck.
10:43 of 2nd period - Snap shot by Jim O'Brien.
10:43 of 2nd period - Shot Misses the Net.
11:12 of 2nd period - Markus Granlund is hit by Josh Jooris and loses puck.
12:08 of 2nd period - Jim O'Brien is hit by Markus Granlund and loses puck.
12:22 of 2nd period - Icing by Sasha Pokulok.
12:23 of 2nd period - Melker Karlsson wins face-off versus Elias Lindholm in Carnivores zone.
12:30 of 2nd period - Wrist shot by Melker Karlsson.
12:30 of 2nd period - Deflect By Andrew Shaw.
12:30 of 2nd period - Shot Blocked by Mat Clark.
12:30 of 2nd period - Puck is out of play.
12:31 of 2nd period - Anton Gustafsson wins face-off versus Melker Karlsson in Carnivores zone.
12:40 of 2nd period - Wrist shot by Blake Geoffrion.
12:40 of 2nd period - Stopped by Chet Pickard with a rebound.
12:46 of 2nd period - Snap shot by Anton Gustafsson.
12:46 of 2nd period - Stopped by Chet Pickard without a rebound.
12:47 of 2nd period - Stefan Matteau wins face-off versus Markus Granlund in Mustangs zone.
12:56 of 2nd period - Wrist shot by Stefan Matteau.
12:56 of 2nd period - Shot Misses the Net.
12:58 of 2nd period - Wrist shot by Josh Jooris.
12:58 of 2nd period - Stopped by Anders Lindback with a rebound.
13:00 of 2nd period - Wrist shot by Joshua Leivo.
13:00 of 2nd period - Shot Blocked by Jeremy Welsh.
13:02 of 2nd period - Backhand shot by Josh Jooris.
13:02 of 2nd period - Stopped by Anders Lindback with a rebound.
13:12 of 2nd period - Andrew Shaw is hit by Blake Geoffrion and loses puck.
13:35 of 2nd period - Snap shot by Nicolas Kerdiles.
13:35 of 2nd period - Shot Misses the Net.
13:39 of 2nd period - Snap shot by Nicolas Kerdiles.
13:39 of 2nd period - Stopped by Chet Pickard with a rebound.
13:41 of 2nd period - Snap shot by Nicolas Kerdiles.
13:41 of 2nd period - Shot Blocked by Dakota Mermis.
13:43 of 2nd period - Wrist shot by Sasha Pokulok.
13:43 of 2nd period - Shot Misses the Net.
14:23 of 2nd period - Icing by Brady Skjei.
14:24 of 2nd period - Anton Gustafsson wins face-off versus Stefan Matteau in Mustangs zone.
14:57 of 2nd period - Wrist shot by Jeremy Welsh.
14:57 of 2nd period - Stopped by Chet Pickard without a rebound.
14:58 of 2nd period - Anton Gustafsson wins face-off versus Melker Karlsson in Mustangs zone.
15:03 of 2nd period - Snap shot by Anton Gustafsson.
15:03 of 2nd period - Stopped by Chet Pickard with a rebound.
15:23 of 2nd period - T.J Brodie is hit by Scott Mayfield and loses puck.
15:54 of 2nd period - Jeremy Welsh is hit by Stefan Matteau and loses puck.
16:11 of 2nd period - Wrist shot by Nicolas Kerdiles.
16:11 of 2nd period - Deflect By Elias Lindholm.
16:11 of 2nd period - Shot Misses the Net.
16:11 of 2nd period - Puck is out of play.
16:12 of 2nd period - Melker Karlsson wins face-off versus Elias Lindholm in Mustangs zone.
16:12 of 2nd period - Melker Karlsson is hit by Jeremy Williams.
16:49 of 2nd period - Melker Karlsson is hit by Elias Lindholm and loses puck.
16:56 of 2nd period - Slapshot by Nicolas Kerdiles.
16:56 of 2nd period - Stopped by Chet Pickard without a rebound.
16:57 of 2nd period - Markus Granlund wins face-off versus Stefan Matteau in Mustangs zone.
16:58 of 2nd period - Snap shot by Chris Lawrence.
16:58 of 2nd period - Stopped by Chet Pickard with a rebound.
17:00 of 2nd period - Wrist shot by Jeremy Welsh.
17:00 of 2nd period - Stopped by Chet Pickard with a rebound.
17:02 of 2nd period - Snap shot by Jeremy Welsh.
17:02 of 2nd period - Deflect By Josh Jooris.
17:02 of 2nd period - Stopped by Chet Pickard without a rebound.
17:03 of 2nd period - Markus Granlund wins face-off versus Stefan Matteau in Mustangs zone.
17:28 of 2nd period - Ben Harpur is hit by Anton Gustafsson and loses puck.
17:37 of 2nd period - Snap shot by Anton Gustafsson.
17:37 of 2nd period - Stopped by Chet Pickard with a rebound.
17:39 of 2nd period - Snap shot by Mark McNeill.
17:39 of 2nd period - Stopped by Chet Pickard without a rebound.
17:40 of 2nd period - Melker Karlsson wins face-off versus Elias Lindholm in Mustangs zone.
17:40 of 2nd period - Melker Karlsson is hit by Ryan Pulock.
17:53 of 2nd period - Snap shot by Andrew Shaw.
17:53 of 2nd period - Shot Misses the Net.
17:55 of 2nd period - Slapshot by Derek Joslin.
17:55 of 2nd period - Shot Misses the Net.
18:34 of 2nd period - Snap shot by Jerome Samson.
18:34 of 2nd period - Stopped by Anders Lindback without a rebound.
18:35 of 2nd period - Melker Karlsson wins face-off versus Anton Gustafsson in Carnivores zone.
18:50 of 2nd period - Snap shot by Melker Karlsson.
18:50 of 2nd period - Shot Blocked by Blake Geoffrion.
18:56 of 2nd period - Minor Penalty to Anton Gustafsson for Hooking.
18:57 of 2nd period - Melker Karlsson wins face-off versus Mark McNeill in Carnivores zone.
19:28 of 2nd period - Chris Lawrence is hit by Josh Jooris and loses puck.
Goals for this period are 0 for Mustangs vs 3 for Carnivores.
Shots for this period are 8 for Mustangs vs 23 for Carnivores.
3rd period
0:01 of 3rd period - Mark McNeill wins face-off versus Melker Karlsson in neutral zone.
0:56 of 3rd period - Penalty to Anton Gustafsson is over, Anton Gustafsson is back on ice.
1:07 of 3rd period - Slapshot by Scott Mayfield.
1:07 of 3rd period - Shot Blocked by Mat Clark.
1:09 of 3rd period - Backhand shot by Ben Harpur.
1:09 of 3rd period - Shot Blocked by Markus Granlund.
1:11 of 3rd period - Slapshot by Ben Harpur.
1:11 of 3rd period - Stopped by Anders Lindback with a rebound.
1:13 of 3rd period - Snap shot by Scott Mayfield.
1:13 of 3rd period - Shot Misses the Net.
1:15 of 3rd period - Backhand shot by Ben Harpur.
1:15 of 3rd period - Stopped by Anders Lindback without a rebound.
1:16 of 3rd period - Stefan Matteau wins face-off versus Zack Smith in Carnivores zone.
2:58 of 3rd period - Hunter Shinkaruk is hit by Stefan Matteau and loses puck.
3:31 of 3rd period - Slapshot by Teuvo Teravainen.
3:31 of 3rd period - Shot Misses the Net.
3:55 of 3rd period - Nicolas Kerdiles is hit by Jim O'Brien and loses puck.
4:54 of 3rd period - Wrist shot by Chris Lawrence.
4:54 of 3rd period - Shot Blocked by Derek Joslin.
5:00 of 3rd period - Ryan Pulock is hit by Kurtis Gabriel and loses puck.
5:18 of 3rd period - Slapshot by Markus Granlund.
5:18 of 3rd period - Stopped by Chet Pickard with a rebound.
5:52 of 3rd period - Stefan Matteau is hit by David Schlemko and loses puck.
6:01 of 3rd period - Snap shot by Nicolas Kerdiles.
6:01 of 3rd period - Shot Misses the Net.
7:13 of 3rd period - Melker Karlsson is hit by Chris Lawrence and loses puck.
7:18 of 3rd period - Wrist shot by Chris Lawrence.
7:18 of 3rd period - Stopped by Chet Pickard with a rebound.
8:00 of 3rd period - Wrist shot by Jeremy Williams.
8:00 of 3rd period - Stopped by Chet Pickard with a rebound.
8:02 of 3rd period - Snap shot by Elias Lindholm.
8:02 of 3rd period - Stopped by Chet Pickard with a rebound.
8:18 of 3rd period - Kurtis Gabriel is hit by Jeremy Welsh and loses puck.
8:25 of 3rd period - Chris Lawrence is hit by Kurtis Gabriel and loses puck.
8:36 of 3rd period - Valentin Zykov is hit by Zack Smith and loses puck.
8:59 of 3rd period - Slapshot by David Fischer.
8:59 of 3rd period - Stopped by Chet Pickard with a rebound.
9:28 of 3rd period - Minor Penalty to Ben Harpur for Interference.
9:29 of 3rd period - Melker Karlsson wins face-off versus Anton Gustafsson in Mustangs zone.
9:39 of 3rd period - Snap shot by Josh Jooris.
9:39 of 3rd period - Goal by Josh Jooris - Mustangs : 1 - Carnivores : 3.
9:40 of 3rd period - Anton Gustafsson wins face-off versus Melker Karlsson in neutral zone.
9:53 of 3rd period - Wrist shot by Melker Karlsson.
9:53 of 3rd period - Shot Misses the Net.
10:02 of 3rd period - Icing by Mark McNeill.
10:03 of 3rd period - Melker Karlsson wins face-off versus Anton Gustafsson in Carnivores zone.
11:28 of 3rd period - Penalty to Ben Harpur is over, Ben Harpur is back on ice.
11:34 of 3rd period - Slapshot by Brady Skjei.
11:34 of 3rd period - Deflect By Kurtis Gabriel.
11:34 of 3rd period - Shot Blocked by Mat Clark.
11:34 of 3rd period - Puck is out of play.
11:35 of 3rd period - Michael McCarron wins face-off versus Elias Lindholm in Carnivores zone.
11:38 of 3rd period - Wrist shot by Kurtis Gabriel.
11:38 of 3rd period - Shot Misses the Net.
12:24 of 3rd period - Markus Granlund is hit by Jim O'Brien and loses puck.
12:50 of 3rd period - Snap shot by Josh Jooris.
12:50 of 3rd period - Shot Misses the Net.
12:52 of 3rd period - Wrist shot by Joshua Leivo.
12:52 of 3rd period - Deflect By Josh Jooris.
12:52 of 3rd period - Stopped by Anders Lindback with a rebound.
14:07 of 3rd period - Wrist shot by Joshua Leivo.
14:07 of 3rd period - Shot Blocked by Ryan Pulock.
14:09 of 3rd period - Snap shot by Stefan Matteau.
14:09 of 3rd period - Shot Misses the Net.
14:30 of 3rd period - Michael McCarron is hit by Chris Lawrence and loses puck.
14:41 of 3rd period - Sasha Pokulok is hit by Derek Joslin and loses puck.
14:48 of 3rd period - Wrist shot by Melker Karlsson.
14:48 of 3rd period - Stopped by Anders Lindback without a rebound.
14:49 of 3rd period - Elias Lindholm wins face-off versus Melker Karlsson in Carnivores zone.
14:51 of 3rd period - Minor Penalty to Sasha Pokulok for High sticking.
14:52 of 3rd period - Melker Karlsson wins face-off versus Anton Gustafsson in Carnivores zone.
15:08 of 3rd period - Snap shot by Teuvo Teravainen.
15:08 of 3rd period - Shot Blocked by Chris Lawrence.
15:26 of 3rd period - Slapshot by Derek Joslin.
15:26 of 3rd period - Stopped by Anders Lindback with a rebound.
16:14 of 3rd period - Stefan Matteau is hit by Mat Clark and loses puck.
16:51 of 3rd period - Penalty to Sasha Pokulok is over, Sasha Pokulok is back on ice.
17:11 of 3rd period - Slapshot by Michael McCarron.
17:11 of 3rd period - Stopped by Anders Lindback without a rebound.
17:12 of 3rd period - Anton Gustafsson wins face-off versus Jim O'Brien in Carnivores zone.
17:43 of 3rd period - Wrist shot by Chris Lawrence.
17:43 of 3rd period - Stopped by Chet Pickard with a rebound.
17:53 of 3rd period - Markus Granlund is hit by Derek Joslin and loses puck.
18:28 of 3rd period - Snap shot by Mark McNeill.
18:28 of 3rd period - Deflect By Jim O'Brien.
18:28 of 3rd period - Stopped by Chet Pickard with a rebound.
19:22 of 3rd period - Wrist shot by Mat Clark.
19:22 of 3rd period - Shot Misses the Net.
Goals for this period are 1 for Mustangs vs 0 for Carnivores.
Shots for this period are 7 for Mustangs vs 7 for Carnivores.
Back to the Top